Map: 16-Bit LE

Players

bongbinbong - Winner!

  • Race: Protoss Protoss
  • League: Bronze
  • Spawn Location: 7:00

A.I. 1 (Easy)

  • Race: Terran Terran
  • Spawn Location: 1:00

VOD

Have the link to the VOD?

Description

Time

  • Played on: Dec. 26, 2019, 8:14 p.m.
  • Length: 7:40
Show
View Real Time Build Order
Export as new Build Order

bongbinbong Protoss - Winner!

Build Orders: Blink Stalkers 

Get SALT Encoding   

  12  0:01  Probe (Chrono Boost)  
  13  0:13  Probe (Chrono Boost)  
  14  0:19  Pylon  
  14  0:21  Probe (Chrono Boost)  
  15  0:37  Gateway  
  15  0:41  Assimilator  
  15  0:43  Probe  
  16  0:50  Assimilator  
  16  1:00  Gateway  
  16  1:09  Probe (Chrono Boost)  
  17  1:21  Probe (Chrono Boost)  
  17  1:25  Cybernetics Core  
  18  1:33  Pylon  
  18  1:36  Probe  
  19  1:48  Probe  
  20  2:01  Adept x2  
  22  2:04  Warp Gate  
  24  2:16  Twilight Council  
  24  2:31  Gateway  
  24  2:52  Blink  
  24  3:01  Gateway  
  24  3:03  Pylon  
  24  3:52  Stalker x2  
  24  3:53  Stalker  
  30  4:30  Stalker x4  
  36  4:49  Nexus  
  30  5:09  Stalker x2  
  30  5:13  Stalker  
  36  5:36  Sentry  
  38  5:43  Pylon  
  38  5:45  Pylon  
  38  5:48  Pylon  
  36  6:09  Gateway  
  36  6:13  Sentry x2  
  36  6:14  Stalker  
  42  6:29  Probe x2  
  44  6:41  Probe x2  
  42  7:26  Stalker x5  
Show
View Real Time Build Order
Export as new Build Order

A.I. 1 (Easy) Terran 

Build Orders:  

Get SALT Encoding   

  12  0:00  SCV  
  13  0:13  SCV  
  14  0:20  Supply Depot  
  14  0:25  SCV  
  15  0:42  SCV  
  16  0:45  Barracks  
  16  0:47  Refinery  
  16  1:11  Supply Depot  
  16  1:24  Refinery  
  16  1:32  Marine  
  17  1:34  Orbital Command  
  17  1:56  Marine  
  18  2:15  Barracks Tech Lab  
  18  2:18  Supply Depot  
  18  2:19  SCV  
  19  2:31  SCV  
  19  2:32  Marine  
  21  2:44  SCV  
  22  2:56  Marine, SCV  
  24  3:08  SCV  
  25  3:20  Marauder, SCV  
  25  3:25  Supply Depot  
  27  3:32  SCV  
  28  3:41  Marine  
  29  4:00  Marauder  
  31  4:12  SCV  
  29  4:24  Marauder, SCV  
  32  4:36  SCV  
  33  4:53  Marauder  
  32  5:22  SCV  
  33  6:48  Marine, SCV  
  33  6:49  Supply Depot  
  34  6:55  Command Center  
  34  6:59  Factory  
  28  7:06  Marine  
  25  7:11  SCV  
  23  7:21  Factory  
  21  7:24  SCV  
Tags
 
Composition
Blink Stalkers
League
Bronze
Matchup
PvT
Spawn Locations
Cross Positions
Add a new tag
Caveats
  • Supply blocks, unpowered buildings, or Contaminate may cause inaccurate times.
  • Supply counts are checked every 10 seconds.